 Dungeon Crawl Stone Soup version 0.17.1-2-g5865329 (webtiles) character file.

1036 Jerry the Ducker (level 8, -2/54 HPs)
             Began as an Octopode Wizard on Jan 25, 2016.
             Was an Initiate of Cheibriados.
             Slain by an orc
             ... wielding a +0 flail
              (9 damage)
             ... in the Ecumenical Temple.
             The game lasted 00:43:22 (7139 turns).

Jerry the Ducker (Octopode Wizard)                  Turns: 7139, Time: 00:43:22

Health: -2/54      AC:  2    Str:  9      XL:     8   Next: 24%
Magic:  10/12      EV: 13    Int: 21      God:    Cheibriados [......]
Gold:   280        SH:  4    Dex: 10 (12) Spells: 3 memorised, 7 levels left

rFire  . . .     SeeInvis .     r - +2 flail (crush)
rCold  . . .     Clarity  .     o - +0 buckler
rNeg   . . .     SustAt   .     a - +1 hat
rPois  .         Gourm    .     (no amulet)
rElec  .         Spirit   .     (no ring)
rCorr  .         Warding  .     (no ring)
rMut   .         Stasis   .     (no ring)
MR     .....                    (no ring)
Stlth  +++.......               (no ring)
                                (no ring)
                                (no ring)
                                (no ring)

@: very slow, not resistant to hostile enchantments, fairly stealthy
A: almost no armour, amphibious, 8 rings, constrict 8, camouflage 1, gelatinous
body 1
a: Bend Time, Renounce Religion


You were in the Ecumenical Temple.
You worshipped Cheibriados.
Cheibriados was noncommittal.
You were hungry.

You visited 2 branches of the dungeon, and saw 7 of its levels.

You collected 280 gold pieces.

Inventory:

Hand Weapons
 d - a +1 short sword of speed
 e - a +0 mace
 l - a +0 dagger of freezing
 r - a +2 flail of crushing (weapon)
 t - a +1 mace of holy wrath
Armour
 a - a +1 hat (worn)
 o - a +0 buckler (worn)
Jewellery
 h - an uncursed ring of protection from fire {unknown}
 w - the amulet "Got Sukh" {Gourm Str+4 Int+2, unknown}
   (You found it on level 5 of the Dungeon)

   [amulet of the gourmand]

   It allows you to eat raw meat even when not hungry.
   It affects your strength (+4).
   It affects your intelligence (+2).
Wands
 m - a wand of random effects (17)
Scrolls
 g - 2 scrolls of noise
 s - a scroll of identify
 u - 2 scrolls of remove curse
 B - a scroll of teleportation
Potions
 i - 2 potions of might
 k - a potion of cancellation
 n - a potion of flight
 v - a potion of mutation {unknown}
 x - a potion of cure mutation {unknown}
 A - a potion of agility {unknown}
Books
 b - a book of Minor Magic

   Spells                             Type                      Level
   a - Magic Dart                     Conjuration                  1
   b - Blink                          Translocation                2
   c - Call Imp                       Summoning                    2
   d - Repel Missiles                 Charms/Air                   2
   e - Slow                           Hexes                        2
   f - Conjure Flame                  Conjuration/Fire             3
   g - Mephitic Cloud                 Conjuration/Poison/Air       3
Comestibles
 c - 2 meat rations
 f - 3 beef jerkies
 j - 16 fruits
 p - 2 slices of pizza
 z - 2 bread rations


   Skills:
 - Level 4.4 Fighting
 + Level 5.0 Dodging
 - Level 3.1 Stealth
 + Level 4.4 Shields
 - Level 3.2 Spellcasting
 - Level 2.2 Conjurations
   Level 1.0 Summonings
 - Level 3.6 Translocations
 + Level 0.0 Air Magic
 + Level 0.0 Poison Magic


You had 7 spell levels left.
You knew the following spells:

 Your Spells              Type           Power        Failure   Level  Hunger
a - Magic Dart            Conj           ##..         6%          1    None
b - Blink                 Tloc           N/A          6%          2    ##.....
c - Mephitic Cloud        Conj/Pois/Air  #.......     30%         3    ###....


Dungeon Overview and Level Annotations

Branches:
Dungeon (6/15)             Temple (1/1) D:6

Altars:
Cheibriados
Elyvilon
Fedhas
Gozag
Kikubaaqudgha
Nemelex Xobeh
Okawaru
Ru
Trog
Vehumet
Xom
Yredelemnul


Innate Abilities, Weirdness & Mutations

You cannot wear most types of armour.
You are amphibious.
You can wear up to eight rings at the same time.
You can use your tentacles to constrict eight enemies at once.
Your skin changes colour to match your surroundings (Stealth).
Your rubbery body absorbs attacks (AC +1).


Message History

Confirm with . or Enter, or press ? or * to list all spells.
Okay, then.
There is a staircase back to the Dungeon here.
You climb upwards.
Welcome back to the Dungeon!
The orc hits you with a flail.
The orc warrior hits you with a short sword!!
There is a staircase to the Ecumenical Temple, spattered with blood here.
The orc hits you with a flail.
The orc warrior hits you with a short sword!!
* * * LOW HITPOINT WARNING * * *
You climb downwards.
Welcome to the Ecumenical Temple!
There is a staircase back to the Dungeon here.
Casting: Magic Dart
Confirm with . or Enter, or press ? or * to list all spells.
You blink.
The orc hits you with a flail.
* * * LOW HITPOINT WARNING * * *
You block the orc warrior's attack.
You hit the orc. Your grab misses the orc. Your squeeze misses the orc.
The orc is moderately wounded.
The orc warrior closely misses you. The orc hits you with a flail!
You die...

###.........................#
###..............8.............
##........._............._......
##...............................
#................................
........8.....................8..
.................⌠...⌠...........
.................................
................@oo..............
......_.......⌠..o.§....⌠......._
.................................
.................................
.................⌠...⌠...........
........8.....................8..
#................................
##...............................
##........._............._......


You could see an orc warrior and 2 orcs.

Vanquished Creatures
  Duvessa (D:5)
  A centaur (D:4)
  A giant frog (D:6)
  Dowan (D:5)
  2 scorpions (D:5)
  2 crimson imps (D:5)
  A quasit (D:6)
  A giant frog skeleton (D:4)
  3 orc priests
  2 orc wizards
  Terence (D:2)
  5 worker ants
  A hound zombie (D:5)
  6 adders
  7 gnolls
  A worker ant zombie (D:6)
  The ghost of Clownie the Shield-Bearer, a weakling FoFi (D:6)
  2 worms (D:2)
  3 giant geckos
  10 orcs
  2 ball pythons
  10 hobgoblins
  5 bats
  5 giant cockroaches
  3 giant newts
  8 goblins
  A jackal skeleton (D:4)
  8 kobolds
  A quokka (D:2)
  9 rats
104 creatures vanquished.

Notes
Turn   | Place    | Note
--------------------------------------------------------------
     0 | D:1      | Jerry the Octopode Wizard began the quest for the Orb.
     0 | D:1      | Reached XP level 1. HP: 11/11 MP: 4/4
   704 | D:1      | Reached XP level 2. HP: 17/17 MP: 6/6
   952 | D:2      | Found an ancient bone altar of Kikubaaqudgha.
  1134 | D:2      | Reached XP level 3. HP: 22/22 MP: 4/7
  1204 | D:2      | Found a faded altar to an unknown god.
  1303 | D:2      | Reached skill level 1 in Shields
  1334 | D:2      | Found an iron altar of Okawaru.
  1353 | D:2      | Reached skill level 1 in Fighting
  1505 | D:2      | Noticed Terence
  1517 | D:2      | HP: 1/23 [Terence/flail of crushing (2)]
  1518 | D:2      | Killed Terence
  1518 | D:2      | Reached XP level 4. HP: 1/28 MP: 6/8
  2514 | D:3      | Found an opulent altar of Gozag.
  2674 | D:3      | Reached XP level 5. HP: 8/34 MP: 9/9
  3056 | D:3      | Found a blossoming altar of Fedhas.
  3338 | D:3      | Learned a level 2 spell: Blink
  3342 | D:3      | Learned a level 3 spell: Mephitic Cloud
  3750 | D:4      | Noticed a centaur
  3758 | D:4      | Killed a centaur
  3758 | D:4      | Reached XP level 6. HP: 19/41 MP: 10/10
  4387 | D:4      | Reached skill level 4 in Dodging
  4509 | D:4      | Reached XP level 7. HP: 30/46 MP: 11/11
  5079 | D:5      | Entered Level 5 of the Dungeon
  5175 | D:5      | Found a radiant altar of Vehumet.
  5304 | D:5      | Noticed Dowan
  5307 | D:5      | Noticed Duvessa
  5340 | D:5      | Killed Duvessa
  5347 | D:5      | Killed Dowan
  5589 | D:5      | Found a basalt altar of Yredelemnul.
  5944 | D:5      | Reached XP level 8. HP: 46/54 MP: 12/12
  6095 | D:5      | Got a brightly glowing copper amulet
  6901 | D:6      | Found a staircase to the Ecumenical Temple.
  6901 | D:6      | Noticed Clownie's ghost (weakling FoFi)
  6916 | D:6      | Killed Clownie's ghost
  6919 | D:6      | Reached skill level 5 in Dodging
  7030 | Temple   | Entered the Ecumenical Temple
  7119 | Temple   | Became a worshipper of Cheibriados the Contemplative
  7139 | Temple   | Slain by an orc

Action                   |  1- 3 |  4- 6 |  7- 9 || total
-------------------------+-------+-------+-------++-------
Melee: Dagger            |    37 |       |       ||    37
       Mace              |     6 |       |       ||     6
       Short sword       |    13 |   137 |    71 ||   221
       Flail             |       |       |    53 ||    53
 Cast: Magic Dart        |    18 |    32 |     8 ||    58
       Blink             |       |       |     1 ||     1
  Use: Scroll            |     4 |     1 |     9 ||    14
       Potion            |     2 |       |     3 ||     5
 Stab: Sleeping          |    14 |     8 |     2 ||    24
       Distracted        |     1 |     1 |       ||     2
  Eat: Chunk             |     1 |     6 |     3 ||    10
       Bread ration      |       |     1 |     1 ||     2
